 Dungeon Crawl Stone Soup version 0.29.1-15-g9cfb28693d (webtiles) character file.

Game seed: 5159078611057433522

45523 NateTC the Brawler (level 14, -5/143 HPs)
             Began as a Troll Fighter on June 5, 2023.
             Was a High Priest of Wu Jian.
             Slain by a 13-headed hydra (8 damage)
             ... on level 5 of the Lair of Beasts.
             The game lasted 00:55:43 (13150 turns).

NateTC the Brawler (Troll Fighter)                 Turns: 13150, Time: 00:55:44

Health: -5/143     AC:  7    Str: 27    XL:     14   Next: 1%
Magic:  13/13      EV: 13    Int:  8    God:    Wu Jian [*****.]
Gold:   527        SH: 18    Dex: 16    Spells: 13/13 levels left

rFire   + . .      SeeInvis .     - Unarmed
rCold   . . .      Faith    .   b - +2 kite shield
rNeg    + . .      Spirit   .   c - +1 troll leather armour
rPois   +          Reflect  +   (helmet restricted)
rElec   .          Harm     .   m - scarf {repulsion}
rCorr   .          Rampage  .   (gloves unavailable)
Will    +....                   (boots unavailable)
Stlth   +.........              p - amulet of reflection
HPRegen 1.93/turn               h - ring of poison resistance
MPRegen 0.13/turn               a - ring "Liawaopn" {rF+ rN+ Dex+7}

@: repel missiles, serpent's lash
A: large, unfitting armour, claws 3, regeneration 1, shaggy fur 1, tough skin 1
a: Renounce Religion, Wall Jump, Serpent's Lash, Heavenly Storm


You were on level 5 of the Lair of Beasts.
You worshipped Wu Jian.
Wu Jian was extremely pleased with you.
You visited 2 branches of the dungeon, and saw 19 of its levels.
You also visited: Sewer and Gauntlet.

You collected 1033 gold pieces.
You spent 506 gold pieces at shops.

Inventory:

Missiles
 f - a throwing net (quivered)
Armour
 b - a +2 kite shield (worn)
 c - a +1 troll leather armour (worn)
 m - a scarf of repulsion (worn)
 s - +0 steam dragon scales
 x - a +0 cloak
 y - a +0 robe of cold resistance
Jewellery
 a - the ring "Liawaopn" (right claw) {rF+ rN+ Dex+7}
   (You found it on level 8 of the Dungeon)

   [ring of protection from fire]

   Dex:       It affects your dexterity (+7).
   rF:        It protects you from fire.
   rN:        It protects you from negative energy.
 h - a ring of poison resistance (left claw)
 o - a +6 ring of strength
 p - an amulet of reflection (around neck)
 H - a ring of see invisible
 L - a ring of ice
Wands
 j - a wand of light (11)
 k - a wand of roots (36)
 n - a wand of flame (49)
 t - a wand of paralysis (22)
 u - a wand of polymorph (3)
 z - a wand of mindburst (38)
Scrolls
 l - 2 scrolls of fear
 q - 5 scrolls of teleportation
 r - 3 scrolls of noise
 v - 2 scrolls of amnesia
 B - 3 scrolls of enchant weapon
 D - a scroll of identify
 E - a scroll of magic mapping
 F - a scroll of brand weapon
 G - a scroll of poison
 J - 2 scrolls of blinking
Potions
 d - 2 potions of mutation
 e - 2 potions of invisibility
 g - 2 potions of resistance
 i - 4 potions of brilliance
 w - a potion of berserk rage
 A - 2 potions of flight
 C - a potion of magic
 I - a potion of attraction
 K - 2 potions of curing
 M - a potion of haste


   Skills:
 + Level 10.1 Fighting
 + Level 8.7 Dodging
 + Level 10.9 Shields
 * Level 16.0 Unarmed Combat


You had 13 spell levels left.
You didn't know any spells.
Your spell library contained the following spells:

 Spells                   Type           Power      Damage    Failure   Level
 Freeze                   Ice            0%         1d3       65%         1
 Summon Small Mammal      Summ           0%         N/A       65%         1
 Ensorcelled Hibernation  Hex/Ice        0%         N/A       80%         2
 Conjure Flame            Conj/Fire      0%         6-21      95%         3
 Frozen Ramparts          Ice            0%         1d1       95%         3
 Gell's Gravitas          Tloc           0%         N/A       95%         3
 Ignite Poison            Fire/Tmut/Pois 0%         N/A       95%         3
 Inner Flame              Hex/Fire       0%         N/A       95%         3
 Lesser Beckoning         Tloc           0%         N/A       95%         3
 Mephitic Cloud           Conj/Pois/Air  0%         N/A       95%         3
 Ozocubu's Armour         Ice            0%         N/A       95%         3
 Teleport Other           Tloc           0%         N/A       95%         3
 Tukima's Dance           Hex            0%         N/A       95%         3
 Cause Fear               Hex            0%         N/A       100%        4
 Corpse Rot               Necr/Pois/Air  0%         N/A       100%        4
 Hailstorm                Conj/Ice       0%         3d3       100%        4
 Passage of Golubria      Tloc           0%         N/A       100%        4
 Sticky Flame             Conj/Fire      0%         2d3       100%        4
 Summon Ice Beast         Ice/Summ       0%         N/A       100%        4
 Freezing Cloud           Conj/Ice/Air   0%         6-21      100%        5
 Yara's Violent Unravell  Hex/Tmut       0%         3d3       100%        5
 Ozocubu's Refrigeration  Ice            0%         4d7       100%        7
 Discord                  Hex            0%         N/A       100%        8


Dungeon Overview and Level Annotations

Branches:
Dungeon (14/15)            Temple (0/1) D:6            Lair (5/5) D:9
 Shoals (0/4) Lair:2       Spider (0/4) Lair:3        Slime (0/5) Lair:4
    Orc (0/2) D:10          Sewer (visited)         Gauntlet (visited)
 Vaults: D:13-14

Altars:
Elyvilon
Gozag
Hepliaklqana
Kikubaaqudgha
Nemelex Xobeh
Okawaru
Qazlal
Sif Muna
Uskayaw
Vehumet
Wu Jian
Xom
Jiyva

Shops:
D:4 =   D:8 [??[

Annotations:
D:7 1 runed translucent door, Crazy Yiuf


Innate Abilities, Weirdness & Mutations

You are too large for most types of armour.
You have claws for hands.
Your natural rate of healing is unusually fast.
You are covered in fur. (AC +1)
You have tough skin. (AC +1)


Message History

The 11-headed hydra bites you. The 11-headed hydra closely misses you.
The 11-headed hydra bites you! You block the 11-headed hydra's attack.
The 11-headed hydra bites you but does no damage.
You block the 11-headed hydra's attack.
The 11-headed hydra bites you but does no damage.
You block the 11-headed hydra's attack. The 11-headed hydra bites you!
Okay, then.
You spin and attack the 11-headed hydra.
You tear one of the 11-headed hydra's heads off!
The ten-headed hydra grows two more!
You claw the 12-headed hydra!
The 12-headed hydra is heavily wounded.
The 12-headed hydra bites you. You block the 12-headed hydra's attack.
The 12-headed hydra barely misses you. The 12-headed hydra misses you.
You block the 12-headed hydra's attack. The 12-headed hydra closely misses you.
You block the 12-headed hydra's attack. The 12-headed hydra bites you.
The 12-headed hydra bites you but does no damage. x2
The 12-headed hydra bites you! x2
* * * LOW HITPOINT WARNING * * *
Aiming: Wall Jump
Press: ? - help, Dir - move target Your muscles tense, ready for explosive movement...
You rip one of the 12-headed hydra's heads off!
The 11-headed hydra grows two more!
You mangle the 13-headed hydra!!
The 13-headed hydra is almost dead.
You scratch the 13-headed hydra.
The 13-headed hydra is almost dead.
You block the 13-headed hydra's attack. x2; The 13-headed hydra bites you.
The 13-headed hydra bites you but does no damage.
The 13-headed hydra bites you.
* * * LOW HITPOINT WARNING * * *
The 13-headed hydra barely misses you. You block the 13-headed hydra's attack.
The 13-headed hydra bites you!
* * * LOW HITPOINT WARNING * * *
The 13-headed hydra closely misses you. The 13-headed hydra bites you!
* * * LOW HITPOINT WARNING * * *
The 13-headed hydra completely misses you.
The 13-headed hydra bites you!
* * * LOW HITPOINT WARNING * * *
The 13-headed hydra bites you!
You die...

...... ... #.....##...
### #.#...... #.##
.##......# ## #.†###
#........ #.###†..######
.#......#####.....P..#..#
......P..##.......P...#..
#......#D.....†.#..PP..#
...#.##.@........#PP...##
P # #.#..........PP..#.
...#.#.P...........#
#.P#..##....##.......
.....##.##..###...##..
###... # #.#.###....#.
#.P #..## #.....# ###
..## .......# ........


You could see a 13-headed hydra.

Vanquished Creatures
  Rupert (D:13)
  2 hydras
  A centaur warrior (D:13)
  4 two-headed ogres
  4 death yaks (Lair:3)
  Sonja (D:12)
  Amaemon (Lair:1)
  Nergalle (Lair:2)
  A skeletal warrior (D:14)
  A deep elf pyromancer (D:7)
  An oklob plant (Lair:2)
  An ugly thing (D:10)
  A cyclops (D:11)
  2 black mambas
  16 elephants
  2 merfolk sirens (Lair:2)
  5 cane toads
  A gargoyle (D:10)
  An orange demon (Lair:1)
  An efreet (D:14)
  6 komodo dragons
  2 merfolk (Lair:2)
  2 polar bears
  Grinder (D:6)
  2 trolls
  A hornet (D:10)
  7 slime creatures (D:14)
  22 dream sheep
  5 blink frogs (Lair:2)
  Sigmund (D:4)
  3 vampires
  3 shadows
  Eustachio (D:6)
  A basilisk (D:10)
  2 wraiths
  33 yaks
  4 wyverns
  4 steam dragons
  A hog (Lair:3)
  7 vampire mosquitoes
  A redback (Lair:3)
  An acid dragon (D:14)
  Duvessa (D:4)
  9 water moccasins
  4 orc warriors
  3 sky beasts
  5 black bears
  2 ogres (D:5)
  An ice beast (D:8)
  4 wolves (Lair:4)
  6 centaurs
  6 kobold brigands
  12 bullfrogs
  5 scorpions
  6 wights
  Dowan (D:4)
  3 jellies
  An electric eel (D:8)
  9 howler monkeys
  4 hounds
  4 orc priests
  Ijyb (D:4)
  6 iguanas
  11 orc wizards
  8 gnolls
  10 adders
  4 river rats
  A shadow imp (D:6)
  3 white imps
  An ufetubus (D:7)
  5 worms (Sewer)
  A dart slug (D:2)
  27 orcs
  8 endoplasms
  2 giant cockroaches
  6 goblins
  5 hobgoblins
  5 quokkas
  17 ball pythons
  4 bats
  2 frilled lizards (D:2)
  9 kobolds
  29 rats
  A butterfly (Lair:2)
410 creatures vanquished.

Vanquished Creatures (others)
  Kirke (Lair:3)
  14 fungi
  25 plants
40 creatures vanquished.

Grand Total: 450 creatures vanquished

Notes
Turn   | Place    | Note
-------+----------+-------------------------------------------
     0 | D:1      | NateTC the Troll Fighter began the quest for the Orb.
     0 | D:1      | Reached XP level 1. HP: 22/22 MP: 0/0
   271 | D:1      | Reached XP level 2. HP: 29/29 MP: 1/1
   988 | D:2      | Reached skill level 3 in Unarmed Combat
   988 | D:2      | Reached XP level 3. HP: 27/36 MP: 2/2
  1081 | D:2      | Reached XP level 4. HP: 44/44 MP: 3/3
  1173 | D:2      | Found a faded altar of an unknown god.
  1719 | D:3      | Found a glowing drain.
  1743 | D:3      | Reached skill level 4 in Unarmed Combat
  1743 | D:3      | Reached XP level 5. HP: 33/53 MP: 4/4
  1780 | Sewer    | Entered a sewer
  2061 | Sewer    | Reached skill level 5 in Unarmed Combat
  2061 | Sewer    | Reached XP level 6. HP: 53/61 MP: 5/5
  2304 | Sewer    | Reached XP level 7. HP: 51/67 MP: 6/6
  2635 | D:3      | Found an ancient bone altar of Kikubaaqudgha.
  2652 | D:3      | Found a shimmering blue altar of Sif Muna.
  2686 | D:3      | Reached skill level 6 in Unarmed Combat
  2729 | D:3      | Got Sif Muna's Almanac of Mustering
  2739 | D:3      | Found a radiant altar of Vehumet.
  3025 | D:4      | Found Olaedwie's Jewellery Shop.
  3049 | D:4      | Noticed Ijyb
  3055 | D:4      | Killed Ijyb
  3089 | D:4      | Noticed Sigmund
  3106 | D:4      | Killed Sigmund
  3184 | D:4      | Reached XP level 8. HP: 71/79 MP: 7/7
  3218 | D:4      | Found an ornate altar of the Wu Jian Council.
  3221 | D:4      | Became a worshipper of the Wu Jian Council
  3223 | D:4      | Found a hazy altar of Hepliaklqana.
  3276 | D:4      | Found a sparkling altar of Nemelex Xobeh.
  3279 | D:4      | Noticed Dowan
  3280 | D:4      | Noticed Duvessa
  3297 | D:4      | Killed Duvessa
  3298 | D:4      | Reached skill level 5 in Shields
  3298 | D:4      | Reached skill level 7 in Unarmed Combat
  3305 | D:4      | Killed Dowan
  3664 | D:5      | Entered Level 5 of the Dungeon
  3764 | D:5      | Found a white marble altar of Elyvilon.
  3793 | D:5      | Reached skill level 5 in Fighting
  3884 | D:5      | Found a stormy altar of Qazlal.
  3897 | D:5      | Reached skill level 8 in Unarmed Combat
  4021 | D:5      | Noticed a troll
  4021 | D:5      | Noticed a troll
  4095 | D:5      | Reached * piety under Wu Jian
  4382 | D:6      | Reached XP level 9. HP: 88/88 MP: 8/8
  4472 | D:6      | Found a staircase to the Ecumenical Temple.
  4549 | D:6      | Noticed Eustachio
  4552 | D:6      | Killed Eustachio
  4601 | D:6      | Reached skill level 9 in Unarmed Combat
  4804 | D:6      | Noticed Grinder
  4818 | D:6      | Killed Grinder
  5454 | D:7      | Reached skill level 10 in Unarmed Combat
  5554 | D:7      | Reached XP level 10. HP: 88/100 MP: 9/9
  5603 | D:7      | Noticed a deep elf pyromancer
  5615 | D:7      | Reached ** piety under Wu Jian
  5616 | D:7      | Killed a deep elf pyromancer
  5855 | D:7      | Found a runed translucent door.
  5856 | D:7      | Noticed Crazy Yiuf
  6032 | D:8      | Found Xeloach's Magic Scroll Shoppe.
  6053 | D:8      | Reached skill level 11 in Unarmed Combat
  6122 | D:8      | Found Etytes's Antique Armour Emporium.
  6141 | D:8      | Bought a cloak for 135 gold pieces
  6141 | D:8      | Bought a runed robe for 111 gold pieces
  6157 | D:8      | Found an iron altar of Okawaru.
  6280 | D:8      | Found a hide-covered altar of Uskayaw.
  6283 | D:8      | Found a shimmering altar of Xom.
  6482 | D:8      | Found Teloudgh's Armour Boutique.
  6499 | D:8      | Reached skill level 5 in Dodging
  6669 | D:8      | Found Sorateoco's Magic Scroll Shop.
  6770 | D:8      | Identified the ring "Liawaopn" {rF+ rN+ Dex+7}
  6881 | D:9      | Noticed an elephant
  6893 | D:9      | Killed an elephant
  6903 | D:9      | Reached XP level 11. HP: 106/109 MP: 10/10
  6914 | D:9      | Reached *** piety under Wu Jian
  6923 | D:9      | Found a staircase to the Lair.
  7398 | D:9      | Found an opulent altar of Gozag.
  7626 | D:10     | Entered Level 10 of the Dungeon
  7671 | Lair:1   | Entered Level 1 of the Lair of Beasts
  7671 | Lair:1   | Noticed a five-headed hydra
  7723 | D:10     | Noticed a purple ugly thing
  7725 | D:10     | Noticed a six-headed hydra
  7771 | D:10     | Killed a six-headed hydra
  7772 | D:10     | Reached skill level 12 in Unarmed Combat
  7944 | D:10     | Killed a purple ugly thing
  8100 | D:10     | You fall into a shaft and drop 3 floors!
  8114 | D:13     | Noticed a centaur warrior
  8115 | D:13     | Noticed an eight-headed hydra
  8128 | D:13     | Noticed a skeletal warrior
  8240 | D:14     | Reached **** piety under Wu Jian
  8298 | D:14     | Noticed a two-headed ogre
  8305 | D:14     | Killed a two-headed ogre
  8306 | D:14     | Reached skill level 13 in Unarmed Combat
  8307 | D:14     | Noticed a skeletal warrior
  8330 | D:14     | Noticed a skeletal warrior
  8331 | D:14     | Killed a skeletal warrior
  8331 | D:14     | Noticed a death knight
  8340 | D:14     | Noticed a skeletal warrior
  8340 | D:14     | Noticed a skeletal warrior
  8340 | D:14     | Noticed a skeletal warrior
  8340 | D:14     | Noticed a skeletal warrior
  8445 | D:13     | Noticed Rupert
  8462 | D:13     | Paralysed by Rupert for 2 turns
  8465 | D:13     | Killed Rupert
  8465 | D:13     | Reached XP level 12. HP: 76/120 MP: 11/11
  8467 | D:13     | Noticed a vault guard
  8467 | D:13     | Noticed a vault guard
  8468 | D:13     | Noticed a centaur warrior
  8468 | D:13     | Noticed a tengu warrior
  8468 | D:13     | Noticed a centaur warrior
  8491 | D:13     | Noticed a two-headed ogre
  8503 | D:13     | Killed a centaur warrior
  8634 | D:12     | Noticed Sonja
  8661 | D:12     | Noticed a two-headed ogre
  8673 | D:12     | Killed a two-headed ogre
  8682 | D:12     | Killed Sonja
  8765 | D:12     | Found a gate leading to a gauntlet.
  8773 | Gauntlet | Entered a Gauntlet
  8773 | Gauntlet | Found a transporter.
  8773 | Gauntlet | Found a transporter.
  8777 | Gauntlet | Found a transporter.
  8778 | Gauntlet | Found a transporter.
  8784 | Gauntlet | Found a transporter.
  8802 | Gauntlet | Found a transporter.
  8819 | Gauntlet | Found a transporter.
  8829 | Gauntlet | Found a transporter.
  8829 | Gauntlet | Found a transporter.
  8830 | Gauntlet | Noticed a quicksilver ooze
  9123 | D:10     | Noticed a two-headed ogre
  9130 | D:10     | Killed a two-headed ogre
  9153 | D:10     | Reached skill level 14 in Unarmed Combat
  9172 | D:10     | Found a staircase to the Orcish Mines.
  9247 | D:10     | Noticed a two-headed ogre
  9257 | D:10     | Killed a two-headed ogre
  9309 | D:10     | Identified the +4 shortbow of the Hummingbird {venom,
                  | rPois}
  9524 | Lair:1   | Killed a five-headed hydra
  9653 | D:4      | Bought a ring of poison resistance for 260 gold pieces
  9822 | Lair:1   | Noticed Amaemon
  9847 | Lair:1   | Killed Amaemon
 10024 | Lair:1   | Identified the +4 sling "Hefoeci" {flame, rN+ rCorr Int-3}
 10694 | Lair:2   | Reached XP level 13. HP: 102/131 MP: 12/12
 10724 | Lair:2   | Noticed Nergalle
 10734 | Lair:2   | Killed Nergalle
 10904 | Lair:2   | Reached skill level 10 in Shields
 10909 | Lair:2   | Got Sif Muna's Essays on Snowy Necromancy
 11014 | Lair:2   | Found a staircase to the Shoals.
 11585 | Lair:3   | Found a hole to the Spider Nest.
 11591 | Lair:3   | Reached skill level 15 in Unarmed Combat
 11726 | Lair:3   | Noticed Kirke
 11755 | Lair:3   | Killed Kirke
 12299 | Lair:4   | Found a viscous altar of Jiyva.
 12300 | Lair:4   | Found a staircase to the Slime Pits.
 12607 | Lair:4   | Reached ***** piety under Wu Jian
 12983 | Lair:5   | Entered Level 5 of the Lair of Beasts
 12996 | Lair:5   | Reached skill level 10 in Fighting
 13118 | Lair:5   | Reached skill level 16 in Unarmed Combat
 13128 | Lair:5   | Reached XP level 14. HP: 128/143 MP: 13/13
 13150 | Lair:5   | HP: 3/143 [13-headed hydra (9)]
 13150 | Lair:5   | Slain by a 13-headed hydra

Illustrated notes

Levels and vault maps discovered:
D:1:      nicolae_arrival_somewhat_less_tricky_arrival, layout_loops_corners
D:2:      minmay_evil_eye, layout_rooms, hellmonk_ecumenical_altar_zigzags,
          hangedman_decor_riveting
D:3:      layout_basic, palyth_temple_overflow_mages, portal_sewer_entry_c,
          minmay_rat_hole
D:4:      cheibrodos_quashed, layout_rooms, mainiacjoe_overflow_small_starburst,
          minitemple, serial_shops, shop, uniq_sigmund, uniq_duvessa, uniq_ijyb
D:5:      layout_rooms, nicolae_qazlal_scattered_showers, elyvilon_altar_3,
          minmay_liquid_box, dk_noncrumbling_3, lightli_corner_chamber
D:6:      layout_rooms, minmay_temple_entry_antechambers,
          minmay_misc_feat_rugged, minmay_misc_feat_x, uniq_eustachio,
          uniq_grinder
D:7:      kennysheep_windowed_halls, layout_loops_cross, uniq_crazy_yiuf_cottage
D:8:      layout_basic, okawaru_trees_2, nicolae_overflow_squiral, serial_shops,
          nicolae_inconvenience_store, shop, nicolae_shop_overgrown_old_shop,
          kennysheep_mini_moat
D:9:      layout_loops_ring, general_overflow_altar, david_lair_generic
D:10:     wad_arrow_thing, layout_stronghold, orc_0_dummy,
          hangedman_abyss_or_decor_stabs
D:11:     layout_layer_cave, tgw_trog
D:12:     layout_loops_cross, gauntlet_entry_generic, nicolae_two_hexagons,
          uniq_nessos, uniq_sonja
D:13:     layout_cave_pools, lightli_vaults_fourway_checkpoint, uniq_rupert
D:14:     layout_irregular_city, serial_bayou_pond_b, uniq_frances, uniq_roxanne
Lair:1:   layout_regular_city, grunt_megastairs_4, infiniplex_staircase_pool,
          lemuel_fruit_fields, uniq_amaemon
Lair:2:   layout_regular_city, elwin_shoals_entry_stream,
          minmay_lair_oklob_items, lemuel_fruit_fields, uniq_nergalle
Lair:3:   layout_roguey, spider_nest_entry_a, st_stairs_12, uniq_kirke
Lair:4:   layout_cave_shapes, slime_entry_1, infiniplex_staircase_pool_2
Lair:5:   due_jungle_book, layout_layer_cave, nzn_sisyphean_effort

Skill      XL: |  1  2  3  4  5  6  7  8  9 10 11 12 13 |
---------------+----------------------------------------+-----
Shields        | 3 4 5 6 7 9 10 | 10.9
Unarmed Combat | 3 4 5 6 8 10 11 13 14 16 | 16.0
Fighting       | 3 4 5 6 7 8 9 10 | 10.1
Dodging        | 3 5 6 7 8 |  8.7

Action                   |  1- 3 |  4- 6 |  7- 9 | 10-12 | 13-15 || total
-------------------------+-------+-------+-------+-------+-------++-------
Melee: Unarmed           |    56 |   167 |   346 |   535 |   356 ||  1460
Invok: Lunge             |       |       |    26 |    55 |    24 ||   105
       Whirlwind         |       |       |    15 |    94 |   108 ||   217
       Serpent's Lash    |       |       |       |     4 |     2 ||     6
 Abil: Wall Jump         |       |       |       |       |     4 ||     4
  Use: Scroll            |     4 |     3 |     7 |    12 |     4 ||    30
       Potion            |       |       |     3 |    11 |       ||    14
 Stab: Sleeping          |     2 |     1 |       |       |       ||     3
Armor: Robe              |    16 |    32 |    72 |       |       ||   120
       Steam dragon scal |       |       |     5 |    51 |       ||    56
       Skin              |       |       |       |    12 |       ||    12
       Troll leather arm |       |       |       |     5 |    43 ||    48
Dodge: Dodged            |    17 |    47 |    94 |   128 |    89 ||   375
       Repelled          |       |       |     2 |     2 |     1 ||     5
Block: Kite shield       |    24 |    59 |   132 |   333 |   219 ||   767
       Reflection        |       |       |     2 |    34 |       ||    36
       Other             |       |       |       |       |     3 ||     3
